Map: Troizinia LE

Players

irvinz - Winner!

  • Race: Zerg Zerg
  • League: Gold
  • Spawn Location: 12:00

Pryce

  • Race: Protoss Protoss
  • Spawn Location: 3:00

BlueHawk

  • Race: Terran Terran
  • League: Bronze
  • Spawn Location: 5:00

Leiferon - Winner!

  • Race: Protoss Protoss
  • Spawn Location: 11:00

fortes

  • Race: Zerg Zerg
  • League: Silver
  • Spawn Location: 5:00

rod - Winner!

  • Race: Terran Terran
  • Spawn Location: 9:00

DarkTemplar

  • Race: Protoss Protoss
  • League: Silver
  • Spawn Location: 6:00

VOD

Have the link to the VOD?

Description

Time

  • Played on: Oct. 5, 2018, 2:50 p.m.
  • Length: 18:39
Show
View Real Time Build Order
Export as new Build Order

irvinz Zerg - Winner!

Build Orders: Hatch First 

Get SALT Encoding   

  12  0:01  Drone  
  13  0:12  Overlord  
  13  0:18  Drone  
  14  0:31  Drone x2  
  16  0:36  Drone  
  17  0:46  Drone  
  18  0:58  Hatchery  
  18  1:00  Drone  
  18  1:07  Drone  
  19  1:17  Spawning Pool  
  18  1:19  Drone  
  18  1:23  Extractor  
  18  1:28  Drone  
  19  1:43  Drone  
  20  1:49  Overlord  
  20  2:04  Queen  
  22  2:09  Queen, Zergling x2  
  22  2:12  Drone x2  
  27  2:20  Drone  
  28  2:24  Drone  
  28  2:26  Metabolic Boost  
  29  2:33  Zergling x4  
  31  2:42  Zergling x2  
  32  2:44  Zergling x2  
  32  2:47  Queen  
  35  2:52  Overlord  
  35  2:59  Drone  
  36  3:12  Drone x2  
  38  3:15  Drone  
  38  3:16  Drone  
  38  3:18  Drone x2  
  38  3:19  Drone x2  
  44  3:21  Overlord  
  44  3:38  Queen  
  44  3:39  Drone x2  
  47  3:46  Drone x2  
  49  3:52  Zergling x4  
  49  3:53  Drone  
  51  3:56  Zergling x2  
  52  4:04  Lair  
  52  4:05  Overlord x2  
  52  4:07  Extractor  
  52  4:08  Extractor  
  52  4:09  Drone x2  
  52  4:10  Extractor  
  52  4:14  Drone  
  51  4:17  Drone  
  51  4:25  Drone x4  
  51  4:26  Drone x2  
  51  4:31  Drone  
  57  4:36  Drone  
  57  4:37  Hatchery  
  57  4:42  Drone  
  57  4:46  Zergling x2  
  57  4:47  Zergling x4  
  57  4:49  Drone  
  61  4:53  Drone  
  62  5:01  Drone  
  62  5:03  Drone  
  62  5:05  Drone  
  62  5:06  Drone  
  66  5:10  Hydralisk Den  
  66  5:12  Drone x2  
  65  5:15  Drone  
  67  5:21  Drone  
  67  5:26  Drone  
  67  5:28  Hatchery  
  67  5:37  Zergling x2  
  67  5:38  Overlord x2  
  68  5:46  Grooved Spines  
  68  5:48  Extractor  
  68  5:49  Extractor  
  66  5:51  Drone x3  
  66  5:54  Zergling x6  
  72  6:01  Drone x2  
  72  6:02  Zergling x4  
  75  6:10  Zergling x8  
  78  6:12  Roach Warren  
  77  6:18  Hydralisk  
  77  6:21  Hydralisk  
  81  6:25  Hydralisk  
  81  6:29  Hydralisk  
  85  6:36  Hydralisk x2  
  85  6:37  Overlord  
  85  6:38  Overlord x2  
  89  6:41  Hydralisk  
  89  6:42  Hydralisk  
  89  6:43  Hydralisk  
  95  6:47  Overlord  
  95  6:48  Drone  
  96  6:57  Hydralisk  
  96  6:58  Hydralisk x5  
  96  7:00  Drone x2  
  96  7:01  Drone x3  
  112  7:02  Drone  
  112  7:03  Extractor  
  112  7:05  Hatchery  
  112  7:07  Extractor  
  111  7:09  Hydralisk x2  
  111  7:12  Hydralisk x2  
  119  7:18  Hydralisk x2  
  119  7:21  Hydralisk  
  124  7:27  Hydralisk  
  124  7:29  Overlord  
  126  7:35  Hydralisk  
  126  7:36  Hydralisk  
  126  7:37  Hydralisk  
  127  7:38  Hydralisk  
  127  7:41  Roach  
  125  7:47  Evolution Chamber  
  125  7:50  Muscular Augments  
  125  7:51  Glial Reconstitution, Evolution Chamber  
  122  7:54  Drone x3  
  125  8:01  Hydralisk x2  
  125  8:03  Roach  
  131  8:08  Queen  
  131  8:09  Drone x2  
  131  8:11  Drone  
  136  8:17  Pneumatized Carapace  
  136  8:19  Drone x4  
  140  8:21  Drone  
  140  8:24  Zerg Missile Weapons Level 1  
  141  8:27  Zerg Ground Armor Level 1  
  141  8:30  Drone  
  142  8:56  Overlord x3  
  142  8:57  Overlord x2  
  142  9:12  Drone x2  
  142  9:14  Overlord, Drone  
  142  9:15  Drone x6  
  142  9:16  Drone x6  
  142  9:17  Overlord, Drone x2  
  155  9:21  Roach  
  155  9:22  Roach x2  
  155  9:23  Roach x2  
  165  9:26  Drone  
  165  9:30  Roach x5  
  176  9:41  Roach, Hydralisk  
  176  9:42  Roach  
  182  9:45  Hydralisk x2  
  182  9:46  Roach x2  
  182  9:51  Hydralisk x2, Hatchery, Spire  
  192  10:13  Spore Crawler x2  
  190  10:14  Spine Crawler  
  190  10:16  Spine Crawler  
  166  10:30  Overseer  
  166  10:31  Overseer  
  166  10:41  Roach, Hydralisk x5  
  166  10:42  Roach x3  
  176  10:52  Hydralisk x3  
  176  10:53  Roach x3, Hydralisk  
  176  10:54  Roach x2, Hydralisk x2  
  176  10:55  Roach x2  
  172  11:04  Zerg Missile Weapons Level 2  
  172  11:06  Zerg Ground Armor Level 2  
  164  11:12  Infestation Pit  
  164  11:13  Hydralisk  
  164  11:14  Roach, Hydralisk x2  
  164  11:15  Roach x2  
  175  11:22  Hydralisk  
  175  11:23  Roach x2, Hydralisk x2  
  175  11:24  Roach  
  163  11:27  Roach, Hydralisk x3  
  163  11:28  Extractor, Roach x2  
  163  11:31  Extractor  
  171  11:33  Spine Crawler x2  
  171  11:34  Spine Crawler  
  171  11:36  Spine Crawler  
  171  11:37  Spine Crawler  
  166  11:42  Roach, Hydralisk  
  166  11:43  Roach x5, Hydralisk x2  
  166  11:46  Roach  
  178  11:53  Roach x3  
  170  11:57  Hydralisk  
  170  11:58  Roach x2, Hydralisk x2  
  170  12:00  Overlord  
  164  12:04  Roach, Hydralisk  
  164  12:07  Roach  
  156  12:10  Roach x3  
  156  12:13  Roach  
  148  12:27  Hydralisk x3  
  148  12:28  Roach x4  
  160  12:31  Roach, Hydralisk  
  160  12:32  Roach  
  160  12:33  Overlord  
  166  12:39  Spine Crawler  
  163  12:51  Hydralisk  
  163  12:52  Roach x2, Hydralisk x2  
  163  12:53  Roach  
  163  12:54  Hydralisk  
  163  12:55  Roach x2  
  171  13:02  Roach, Hydralisk  
  171  13:03  Roach  
  177  13:09  Hive  
  177  13:12  Tunneling Claws  
  177  13:18  Drone  
  160  13:43  Hydralisk x5  
  160  13:44  Hydralisk  
  136  13:51  Hydralisk x2  
  136  13:52  Roach x3, Hydralisk x2  
  136  13:53  Roach  
  136  13:54  Drone x2  
  144  13:57  Hydralisk  
  146  14:21  Corruptor x4  
  146  14:22  Hydralisk  
  146  14:23  Hydralisk x2  
  160  14:24  Greater Spire  
  160  14:27  Zerg Missile Weapons Level 3, Zerg Ground Armor Level 3  
  160  14:33  Ultralisk Cavern  
  159  14:47  Drone x2  
  159  14:49  Drone x2  
  159  14:51  Hydralisk  
  159  14:52  Hydralisk  
  167  15:17  Corruptor x4  
  167  15:19  Corruptor x3  
  167  15:20  Corruptor  
  181  15:22  Corruptor x2  
  185  15:35  Evolution Chamber  
  166  15:45  Ultralisk x3  
  166  15:46  Ultralisk x3  
  166  15:49  Chitinous Plating  
  194  16:01  Corruptor  
  194  16:02  Overlord x2  
  196  16:07  Overlord x2  
  196  16:22  Spore Crawler x3  
  196  16:24  Spore Crawler, Roach x2  
  196  16:25  Roach x2  
  200  16:40  Overseer x2  
  140  16:58  Corruptor x4  
  134  17:03  Hydralisk x2  
  134  17:04  Roach x2, Hydralisk x3  
  134  17:05  Roach x2  
  150  17:09  Hydralisk x2  
  150  17:10  Roach x2, Hydralisk x5  
  150  17:11  Roach x2, Hydralisk  
  150  17:12  Roach  
  176  17:36  Roach x2, Hydralisk x3  
  188  17:37  Roach  
  188  17:38  Ultralisk  
  188  17:43  Hatchery  
Show
View Real Time Build Order
Export as new Build Order

Pryce Protoss 

Build Orders:  

Get SALT Encoding   

  1  0:00  Probe  
  13  0:13  Probe  
  14  0:25  Probe  
  15  0:31  Pylon  
  15  0:49  Probe  
  16  1:01  Probe  
  17  1:06  Pylon  
  17  1:11  Assimilator  
  17  1:13  Probe  
  18  1:34  Assimilator  
  18  1:48  Probe  
  18  1:52  Gateway  
  19  1:56  Probe  
  20  2:04  Probe  
  21  2:24  Nexus  
  21  2:27  Pylon  
  21  2:52  Cybernetics Core  
  21  2:54  Zealot  
  22  3:19  Zealot  
  21  3:46  Zealot  
  20  3:56  Warp Gate  
  20  4:11  Probe  
  20  4:13  Stalker  
  23  4:23  Probe  
  24  4:33  Probe  
  24  4:35  Probe  
  26  4:41  Probe  
  26  4:43  Stalker  
  28  4:48  Probe  
  28  4:50  Probe  
  30  4:59  Probe  
  31  5:06  Pylon  
  32  5:07  Probe  
  32  5:12  Stalker  
  33  5:16  Probe  
  35  5:28  Probe  
  35  5:29  Gateway  
  35  5:33  Stalker  
  35  5:40  Probe  
  38  5:49  Assimilator  
  38  5:52  Probe  
  39  6:04  Probe  
  40  6:15  Stalker  
  40  6:17  Probe  
  43  6:29  Probe  
  43  6:30  Twilight Council  
  44  6:34  Stargate  
  44  6:38  Stargate  
  44  6:41  Probe  
  45  6:49  Stalker  
  45  6:52  Stalker  
  45  6:53  Probe  
  50  7:05  Probe  
  51  7:09  Dark Shrine  
  51  7:17  Probe  
  51  7:19  Void Ray  
  56  7:23  Void Ray  
  60  8:00  Fleet Beacon  
  60  8:13  Pylon  
  60  8:16  Pylon  
  60  8:27  Pylon  
  60  8:30  Assimilator  
  60  8:31  Void Ray x2  
  68  8:35  Pylon  
  68  8:41  Robotics Facility  
  68  8:53  Dark Templar  
  70  8:58  Dark Templar  
  72  9:14  Carrier  
  78  9:22  Carrier  
  84  9:58  Dark Templar  
  86  10:02  Dark Templar  
  84  10:18  Pylon  
  62  10:40  Dark Templar  
  64  10:43  Dark Templar  
  66  11:05  Graviton Catapult  
  66  11:18  Protoss Air Weapons Level 1  
  66  11:25  Void Ray  
  66  11:29  Void Ray  
  74  11:55  Stalker  
  74  11:58  Stalker  
  78  12:08  Void Ray  
  78  12:12  Tempest  
  88  12:16  Mothership  
  96  12:43  Pylon  
  96  12:45  Pylon  
  96  12:50  Forge  
  96  13:27  Dark Templar  
  96  13:31  Dark Templar  
  86  14:03  Carrier  
  86  14:05  Carrier  
  98  14:12  Protoss Shields Level 1  
  98  14:38  Dark Templar  
  100  15:07  Nexus  
  100  15:12  Assimilator  
  96  15:29  Void Ray  
  96  15:30  Void Ray  
  104  15:57  Dark Templar  
  104  15:59  Dark Templar  
  104  16:01  Carrier  
  113  16:34  Carrier  
  26  17:56  Dark Templar  
Show
View Real Time Build Order
Export as new Build Order

BlueHawk Terran 

Build Orders:  

Get SALT Encoding   

  12  0:09  Supply Depot  
  12  0:13  SCV  
  13  0:24  Refinery  
  13  0:27  SCV  
  14  0:40  Barracks  
  14  0:45  SCV  
  15  0:57  SCV  
  16  1:09  SCV  
  17  1:27  Orbital Command  
  17  1:29  Reaper  
  18  1:47  Factory  
  18  1:50  Refinery  
  18  1:53  SCV  
  19  2:07  SCV  
  19  2:08  Reaper  
  21  2:20  SCV  
  22  2:25  Command Center  
  22  2:36  SCV  
  23  2:37  Factory Tech Lab  
  22  2:56  SCV  
  23  3:15  Supply Depot  
  23  3:28  Supply Depot x2  
  23  3:37  Marine, Siege Tank, SCV  
  28  3:53  SCV  
  22  4:20  Orbital Command  
  22  4:24  SCV  
  22  4:27  Marine  
  22  4:28  Siege Tank  
  26  4:38  SCV  
  27  4:45  Marine  
  27  4:50  SCV  
  27  4:51  SCV, Refinery  
  30  4:52  Refinery  
  30  5:02  SCV  
  30  5:06  Starport  
  31  5:11  Barracks  
  31  5:12  SCV  
  31  5:13  Marine  
  33  5:15  SCV, Siege Tank  
  37  5:22  Engineering Bay  
  37  5:23  Engineering Bay  
  37  5:24  SCV  
  38  5:31  Marine  
  39  5:37  SCV x2  
  41  5:49  Terran Infantry Weapons Level 1, Terran Infantry Armor Level 1  
  42  5:50  SCV  
  42  5:51  SCV  
  42  5:55  Siege Tank  
  42  5:56  Starport Reactor  
  47  6:00  Barracks Tech Lab  
  47  6:02  Barracks Reactor  
  46  6:04  SCV  
  46  6:05  SCV  
  48  6:20  Command Center  
  48  6:21  Marine  
  49  6:29  SCV x2  
  49  6:32  Siege Tank  
  54  6:33  Medivac  
  54  6:39  Marine  
  57  6:50  Missile Turret, SCV x2  
  57  6:51  Marine  
  57  6:52  Medivac  
  62  7:03  Marine  
  62  7:07  Supply Depot  
  63  7:09  Supply Depot  
  63  7:10  SCV x2, Armory  
  63  7:11  Supply Depot  
  65  7:18  Starport  
  65  7:21  Marine  
  66  7:28  SCV x2  
  68  7:49  SCV x2  
  70  7:52  Planetary Fortress  
  70  8:04  SCV  
  70  8:05  SCV  
  72  8:11  Marine  
  72  8:12  Marine x2  
  75  8:13  Medivac, Siege Tank  
  75  8:14  Medivac  
  75  8:17  SCV x2, Stimpack  
  84  8:25  Supply Depot  
  84  8:26  Starport Tech Lab  
  84  8:29  SCV, Marine  
  84  8:30  Marine  
  87  8:39  Marine  
  87  8:40  Refinery, SCV x2  
  90  8:41  Refinery  
  90  8:47  Marine x2  
  92  8:56  SCV  
  93  9:06  Supply Depot  
  93  9:07  SCV x2  
  93  9:09  Marine x3  
  98  9:10  Medivac, Siege Tank  
  98  9:12  Raven  
  98  9:14  Medivac  
  107  9:19  SCV  
  108  9:26  Marine  
  109  9:33  Marine x2  
  111  9:40  Medivac  
  111  9:43  Terran Infantry Weapons Level 2, Terran Infantry Armor Level 2  
  111  9:45  Barracks x2  
  113  9:46  Barracks  
  113  9:47  Terran Vehicle Weapons Level 1  
  113  9:48  SCV x2  
  115  9:55  Raven  
  115  9:59  Command Center  
  117  10:02  SCV  
  117  10:03  SCV x2  
  120  10:15  SCV x3  
  123  10:40  SCV x2  
  125  10:49  Supply Depot  
  125  10:50  Supply Depot  
  125  10:51  Supply Depot  
  125  10:52  Supply Depot  
  125  10:53  Supply Depot  
  125  11:10  Marine x6, Siege Tank, Medivac x2, SCV  
  124  11:28  Marine x5  
  129  11:35  Marine  
  110  12:23  Marine x6  
  110  12:25  Medivac x2, Siege Tank  
  110  12:28  Medivac  
  121  12:40  Marine  
  121  12:41  Marine x5  
  127  12:46  Terran Infantry Armor Level 3, Supply Depot x2, Terran Infantry Weapons Level 3  
  127  12:47  Terran Vehicle Weapons Level 2  
  127  12:55  Supply Depot, Medivac  
  127  12:57  Missile Turret, Supply Depot  
  114  12:58  Marine x2  
  114  12:59  Marine, Marauder  
  112  13:12  Marine x2  
  114  13:24  Marine x4  
  114  13:25  Siege Tank  
  114  13:26  Medivac x2  
  125  13:29  Marine  
  126  13:52  Marine  
  126  13:53  Marine x5  
  126  13:55  Viking  
  134  13:56  Viking x2  
  134  13:57  Siege Tank  
  129  14:10  Marine x2  
  129  14:11  Marine  
  117  14:25  Viking  
  117  14:27  Viking x2  
  117  14:28  Marine  
  117  14:29  Marine x4  
  127  14:36  SCV  
  128  14:46  Marine x3  
  128  14:47  Marine x3  
  128  14:50  Siege Tank  
  137  14:55  Viking  
  139  15:03  Terran Vehicle And Ship Armor Level 1  
  139  15:04  Marine x4  
  139  15:05  Marine x2  
  145  15:17  Refinery x2  
  145  15:22  Marine  
  146  15:29  Marine  
  146  15:30  Viking x3  
  146  15:33  Marine x4  
  146  15:35  Siege Tank  
  160  15:40  Marine  
  150  15:47  Marine  
  148  15:56  Marine x4  
  140  15:57  Marine  
  140  16:00  Viking x3  
  147  16:05  Marine  
  148  16:13  Marine  
  148  16:14  Marine x3  
  148  16:15  Marine  
  90  16:41  Marine x4  
  90  16:42  Marine x2  
  96  16:54  Ghost Academy  
  96  16:57  Ghost Academy  
  96  16:59  Ghost Academy  
  96  17:14  Marine x3  
  96  17:15  Marine x3  
  102  17:17  Siege Tank  
  102  17:19  Medivac x2  
  109  17:32  Marine x4  
  109  17:33  Marine x2  
  95  17:49  Siege Tank  
  95  17:50  Marine x6  
  83  18:08  Marine x2  
Show
View Real Time Build Order
Export as new Build Order

Leiferon Protoss - Winner!

Build Orders:  

Get SALT Encoding   

  12  0:01  Probe  
  13  0:13  Probe  
  14  0:19  Pylon  
  14  0:25  Probe  
  15  0:31  Assimilator  
  15  0:37  Probe  
  16  0:45  Gateway  
  16  0:49  Probe  
  17  1:01  Probe  
  18  1:09  Forge  
  18  1:10  Pylon  
  18  1:13  Probe  
  19  1:21  Probe  
  20  1:29  Probe  
  22  1:32  Zealot  
  23  1:40  Probe  
  24  1:49  Pylon  
  24  1:52  Probe  
  25  1:58  Cybernetics Core  
  25  2:00  Pylon  
  25  2:04  Probe  
  25  2:06  Zealot  
  28  2:19  Probe  
  29  2:23  Protoss Shields Level 1  
  29  2:32  Gateway, Probe  
  29  2:33  Zealot  
  32  2:52  Probe  
  33  3:05  Nexus  
  33  3:06  Assimilator, Probe  
  34  3:14  Probe  
  35  3:50  Zealot x2  
  35  3:53  Probe  
  33  4:05  Probe  
  34  4:13  Probe  
  34  4:17  Stalker x2  
  34  4:23  Probe, Robotics Facility  
  34  4:24  Pylon  
  39  4:28  Probe  
  41  4:35  Probe  
  42  4:40  Probe  
  43  4:47  Stalker x2  
  43  4:52  Probe  
  48  5:00  Protoss Air Weapons Level 1  
  48  5:04  Stargate  
  48  5:08  Probe  
  48  5:11  Observer  
  50  5:16  Assimilator  
  50  5:17  Zealot x2, Probe  
  50  5:20  Assimilator, Probe  
  56  5:30  Twilight Council  
  56  5:41  Probe x2  
  58  5:44  Zealot  
  58  5:45  Zealot  
  58  5:49  Probe x2  
  62  5:53  Void Ray  
  68  5:57  Probe  
  69  6:12  Probe  
  70  6:22  Pylon  
  70  6:34  Pylon  
  70  6:39  Pylon  
  70  6:40  Stalker x2, Probe x2  
  76  6:50  Fleet Beacon, Charge  
  76  6:52  Probe x2  
  78  7:04  Probe  
  77  7:47  Probe x2  
  79  7:59  Probe x2  
  79  8:00  Carrier  
  79  8:03  Graviton Catapult  
  79  8:04  Protoss Shields Level 2  
  87  8:07  Protoss Air Armor Level 1  
  87  8:08  Nexus  
  87  8:09  Stalker x2  
  87  8:12  Observer  
  92  8:32  Pylon  
  92  8:33  Probe  
  92  8:34  Probe, Photon Cannon  
  94  8:43  Stargate  
  94  8:50  Zealot x2, Probe  
  99  9:08  Probe x2  
  101  9:19  Carrier  
  101  9:20  Zealot, Probe  
  104  9:24  Assimilator  
  104  9:28  Assimilator, Probe x2  
  112  9:33  Probe  
  112  9:38  Pylon  
  113  9:44  Pylon  
  113  9:46  Carrier  
  113  9:47  Pylon  
  113  9:48  Zealot  
  113  9:49  Zealot  
  123  10:33  Probe x3  
  126  10:44  Nexus  
  126  10:45  Carrier  
  126  10:46  Stargate  
  126  10:47  Protoss Air Weapons Level 2  
  126  10:49  Protoss Shields Level 3  
  132  11:11  Carrier  
  136  11:48  Pylon  
  136  11:49  Pylon  
  136  11:50  Pylon  
  136  11:52  Pylon  
  136  11:55  Carrier  
  142  12:37  Carrier  
  146  12:46  Carrier  
  146  12:49  Zealot x2  
  152  13:16  Zealot  
  126  14:03  Zealot x2, Carrier  
  134  14:12  Carrier  
  140  14:30  Zealot  
  142  14:31  Protoss Ground Weapons Level 1  
  142  14:35  Protoss Air Weapons Level 3  
  142  14:40  Carrier  
  148  14:47  Assimilator  
  148  14:50  Assimilator  
  148  14:53  Observer  
  148  14:54  Zealot  
  148  14:57  Zealot  
  147  15:28  Carrier  
  147  15:34  Zealot  
  147  15:35  Zealot  
  157  15:38  Carrier  
  157  15:40  Gateway  
  161  16:01  Zealot  
  161  16:02  Zealot  
  165  16:06  Carrier  
  169  16:54  Carrier  
  175  17:03  Carrier  
  167  17:30  Pylon  
  167  17:32  Pylon  
  173  17:44  Zealot x3  
  173  18:11  Zealot  
Show
View Real Time Build Order
Export as new Build Order

fortes Zerg 

Build Orders: Hatch First 

Get SALT Encoding   

  12  0:01  Drone  
  13  0:12  Overlord  
  13  0:19  Drone  
  14  0:26  Overlord  
  14  0:34  Extractor  
  14  0:35  Drone  
  15  0:43  Drone  
  16  0:59  Hatchery  
  16  1:02  Drone  
  16  1:05  Drone  
  17  1:18  Drone x2  
  19  1:28  Spawning Pool  
  19  1:30  Drone  
  19  1:41  Drone  
  20  1:51  Extractor, Drone  
  20  2:01  Drone  
  21  2:21  Queen  
  23  2:23  Queen  
  23  2:25  Spine Crawler  
  23  2:26  Drone x4  
  28  2:33  Drone x2  
  30  2:52  Drone x2  
  30  2:58  Spine Crawler  
  31  3:01  Drone  
  31  3:02  Drone  
  31  3:03  Queen  
  35  3:10  Drone  
  35  3:11  Overlord  
  36  3:37  Drone x8  
  44  4:11  Extractor  
  44  4:12  Roach Warren  
  44  4:13  Extractor  
  44  4:14  Lair  
  41  4:19  Drone x3  
  41  4:20  Overlord x3  
  44  5:02  Roach x4  
  44  5:03  Roach x5, Evolution Chamber  
  61  5:09  Spine Crawler  
  60  5:25  Roach x4  
  68  5:30  Zerg Ground Armor Level 1  
  68  5:33  Glial Reconstitution  
  68  5:45  Hydralisk Den  
  68  5:47  Overlord x2  
  67  6:03  Hatchery  
  66  6:09  Overlord x2  
  66  6:25  Roach x9  
  84  6:36  Roach x3  
  90  6:52  Drone  
  91  7:00  Hydralisk x4  
  99  7:02  Drone  
  99  7:03  Overlord  
  90  7:53  Hatchery  
  89  8:02  Drone x7  
  96  8:32  Hydralisk  
  96  8:33  Hydralisk x4  
  106  8:37  Zerg Ground Armor Level 2  
  106  8:43  Grooved Spines  
  106  9:04  Hydralisk x4  
  106  9:06  Overlord x4  
  114  9:12  Drone  
  103  9:23  Spine Crawler  
  102  9:26  Spine Crawler  
  102  9:27  Ravager  
  102  9:39  Overlord x2  
  102  9:41  Roach x7  
  116  9:46  Queen  
  118  9:53  Roach x3  
  118  9:55  Muscular Augments  
  124  10:34  Hydralisk x13  
  146  10:51  Roach  
  146  10:52  Roach x5  
  115  11:05  Roach  
  115  11:06  Roach x7  
  101  11:21  Roach x4  
  103  11:38  Hatchery  
  103  11:39  Roach  
  116  11:40  Roach x7  
  84  11:56  Roach x5  
  90  12:05  Drone x8  
  78  12:31  Hydralisk x6  
  76  12:49  Spine Crawler  
  63  12:52  Spine Crawler  
  63  12:54  Spine Crawler  
  63  12:58  Spore Crawler x2  
  59  12:59  Roach x4  
  59  13:00  Roach  
  69  13:07  Extractor  
  68  13:17  Drone x3  
  71  13:20  Drone x7  
  66  13:39  Roach x6  
  78  13:45  Hydralisk x3  
  84  13:56  Queen  
  84  14:00  Roach x4  
  94  14:18  Roach x8  
  110  14:35  Roach x4  
  110  14:36  Roach x4  
  126  14:39  Hydralisk  
  128  14:48  Extractor  
  127  15:00  Roach  
  127  15:01  Roach x7  
  127  15:03  Roach  
  137  15:40  Hydralisk x6  
  87  15:56  Roach x6  
  101  15:57  Roach  
  101  16:07  Extractor  
  101  16:09  Hydralisk x2  
  102  16:53  Roach x15  
  102  16:54  Roach x2  
  90  17:17  Roach  
  90  17:18  Roach x12  
  116  17:36  Roach  
  116  17:37  Roach x8  
  134  17:48  Hydralisk x2  
Show
View Real Time Build Order
Export as new Build Order

rod Terran - Winner!

Build Orders:  

Get SALT Encoding   

  12  0:01  SCV  
  13  0:16  Supply Depot  
  13  0:19  SCV  
  14  0:31  SCV  
  15  0:40  Barracks  
  15  0:43  SCV  
  16  0:54  Refinery  
  16  0:55  SCV  
  17  1:08  SCV  
  18  1:20  SCV  
  19  1:29  Marine  
  19  1:30  Barracks  
  20  1:41  SCV  
  21  1:47  Marine  
  21  1:49  Refinery  
  22  2:10  Barracks Reactor  
  22  2:19  Engineering Bay  
  22  2:26  Barracks Tech Lab  
  22  2:28  SCV  
  23  2:41  SCV  
  23  2:57  Supply Depot  
  23  3:04  Supply Depot  
  23  3:05  Orbital Command  
  23  3:19  Marine x3  
  26  3:28  Supply Depot  
  26  3:36  Marine  
  26  3:38  Supply Depot  
  27  3:55  Marine x3  
  30  3:57  SCV  
  30  4:02  Supply Depot  
  31  4:09  SCV  
  32  4:13  Marine x3  
  35  4:21  SCV  
  36  4:25  Supply Depot  
  36  4:30  Marine  
  36  4:31  Marine x2  
  39  4:33  SCV  
  40  4:46  SCV  
  40  4:48  Marine x3  
  44  4:58  SCV  
  45  5:00  Command Center  
  45  5:06  Marine x3  
  48  5:15  Factory  
  48  5:24  Marine x3  
  48  5:28  Engineering Bay  
  51  5:37  SCV  
  51  5:42  Marine x3  
  55  5:49  SCV  
  56  5:59  Marine  
  56  6:00  Marine x2  
  56  6:01  SCV  
  60  6:13  SCV  
  61  6:32  SCV  
  62  6:34  SCV, Marine  
  62  6:35  Marine x2  
  66  6:44  SCV  
  66  6:46  SCV  
  68  6:52  Marine  
  68  6:53  Marine x2  
  71  6:56  SCV  
  71  6:58  SCV  
  66  7:08  SCV  
  66  7:10  SCV, Marine  
  56  7:20  SCV  
  56  7:22  SCV  
  52  7:43  Terran Infantry Weapons Level 1, Terran Infantry Armor Level 1  
  52  7:47  SCV  
  53  7:59  SCV  
  53  8:03  SCV  
  53  8:04  Marine  
  53  8:05  Marine x2  
  58  8:11  SCV  
  59  8:13  Factory Tech Lab  
  59  8:15  SCV  
  59  8:18  Starport  
  60  8:22  Marine  
  60  8:23  Marine x2, SCV  
  64  8:27  SCV  
  65  8:35  SCV  
  65  8:39  SCV  
  65  8:40  Marine x3  
  70  8:47  SCV  
  70  8:51  SCV  
  69  8:58  Marine  
  67  9:21  Refinery  
  67  9:24  Refinery  
  67  9:27  Marine x3  
  67  9:29  SCV x2  
  72  9:37  Medivac  
  72  9:38  Armory  
  74  9:41  SCV x2  
  74  9:45  Marine x3  
  79  9:52  Supply Depot  
  79  9:53  SCV x2  
  81  10:02  Marine  
  81  10:03  Marine x2  
  81  10:05  SCV x2  
  85  10:08  Medivac  
  78  10:16  Supply Depot  
  78  10:17  SCV x2  
  78  10:20  Marine  
  78  10:21  Marine x2  
  76  10:37  Medivac  
  76  10:38  Marine, Supply Depot  
  76  10:39  Command Center  
  79  10:59  Stimpack  
  79  11:00  Terran Infantry Weapons Level 2  
  79  11:01  Terran Infantry Armor Level 2  
  79  11:03  Supply Depot  
  79  11:04  Terran Vehicle Weapons Level 1  
  58  11:50  Sensor Tower  
  53  12:01  Sensor Tower  
  53  12:11  SCV, Marine x2  
  53  12:12  Marine  
  58  12:21  Planetary Fortress  
  57  12:23  SCV  
  57  12:29  Marine x3  
  60  12:35  SCV  
  62  12:47  Marine x3  
  65  12:56  Planetary Fortress  
  65  13:00  Refinery  
  65  13:03  Refinery  
  65  13:05  Marine x3  
  68  13:22  Marine, Combat Shields  
  68  13:23  Marine x2  
  68  13:24  Barracks  
  68  13:25  Terran Infantry Armor Level 3, Terran Infantry Weapons Level 3  
  71  13:41  Marine  
  72  13:50  Command Center  
  72  13:59  SCV  
  73  14:07  Marine x3  
  76  14:11  SCV  
  76  14:12  Barracks  
  76  14:16  Medivac  
  79  14:19  Siege Tank  
  79  14:23  SCV  
  83  14:24  Marine x2  
  83  14:29  Terran Vehicle And Ship Armor Level 1  
  85  14:36  SCV  
  86  14:48  SCV  
  86  14:49  SCV  
  86  14:51  Siege Tank  
  91  14:56  Marine x3  
  91  14:57  Marine  
  95  15:01  SCV  
  96  15:07  Supply Depot  
  96  15:13  SCV  
  96  15:14  Marine x4  
  87  15:23  Siege Tank  
  90  15:28  Supply Depot  
  90  15:29  Supply Depot  
  90  15:31  Supply Depot  
  90  15:32  Marine x4  
  90  15:33  Supply Depot  
  94  15:49  Marine  
  94  15:50  Marine x3, Supply Depot  
  94  15:51  Supply Depot  
  94  15:55  Siege Tank  
  94  15:56  Supply Depot  
  101  16:07  Marine x2  
  101  16:08  Marine x2  
  105  16:20  Missile Turret  
  105  16:25  Marine x3  
  105  16:26  Marine  
  105  16:27  Siege Tank  
  110  16:42  Missile Turret  
  110  16:43  Marine x4  
  114  16:50  Building Armor  
  114  16:51  Neosteel Frame  
  114  16:59  Medivac  
  114  17:01  Marine x4  
  120  17:19  Marine x2  
  120  17:20  Marine  
  120  17:21  Marine  
  120  17:22  SCV x2  
  126  17:29  Medivac  
  128  17:34  SCV x2  
  128  17:37  Marine x2  
  128  17:38  Marine x2  
  132  17:46  SCV x2  
  134  17:55  Marine x2  
  134  17:56  Marine x2  
  134  17:58  SCV x2  
  139  17:59  Medivac  
  142  18:10  SCV x2  
Show
View Real Time Build Order
Export as new Build Order

DarkTemplar Protoss 

Build Orders:  

Get SALT Encoding   

  12  0:01  Probe  
  13  0:13  Probe  
  14  0:21  Pylon  
  14  0:25  Probe  
  15  0:39  Probe  
  15  0:40  Gateway  
  16  0:46  Assimilator  
  16  0:51  Probe  
  17  1:02  Probe  
  18  1:07  Pylon  
  18  1:10  Probe  
  19  1:18  Probe  
  19  1:19  Assimilator  
  20  1:27  Probe  
  20  1:29  Cybernetics Core  
  21  1:37  Forge  
  21  1:38  Probe  
  22  1:52  Probe  
  23  1:57  Warp Gate  
  23  2:04  Probe, Pylon  
  24  2:10  Pylon  
  24  2:22  Protoss Ground Weapons Level 1  
  24  2:31  Robotics Facility  
  24  2:37  Probe  
  25  2:46  Pylon  
  25  2:56  Probe  
  26  3:11  Photon Cannon  
  26  3:33  Nexus  
  26  3:37  Immortal  
  26  3:44  Stalker  
  32  4:00  Pylon  
  32  4:21  Assimilator  
  32  4:25  Assimilator  
  32  4:29  Probe, Pylon  
  33  4:36  Robotics Bay  
  33  4:41  Probe  
  34  4:55  Photon Cannon  
  34  4:58  Protoss Ground Armor Level 1, Pylon  
  34  5:01  Zealot, Pylon  
  36  5:09  Probe x2  
  38  5:21  Probe  
  39  5:24  Gateway  
  39  5:25  Probe  
  39  5:26  Warp Prism  
  40  5:33  Probe x2  
  44  5:45  Probe  
  45  5:59  Probe x2  
  46  6:07  Gateway  
  46  6:08  Gateway  
  46  6:10  Gateway  
  46  6:11  Probe x2  
  48  6:18  Zealot  
  48  6:23  Probe x2  
  52  6:31  Extended Thermal Lance  
  50  6:35  Probe  
  50  6:36  Probe  
  50  6:38  Colossus  
  58  6:46  Pylon  
  58  6:54  Pylon  
  58  7:04  Zealot x2  
  62  7:14  Probe x2  
  64  7:29  Nexus  
  60  7:42  Probe x2  
  54  7:54  Probe  
  54  7:55  Probe, Photon Cannon  
  54  7:56  Assimilator  
  54  7:57  Photon Cannon  
  56  7:59  Stargate  
  56  8:01  Assimilator  
  56  8:02  Stargate  
  56  8:05  Stargate  
  56  8:06  Probe, Protoss Air Weapons Level 1  
  57  8:14  Pylon  
  57  8:22  Probe  
  57  8:23  Observer  
  58  8:30  Pylon  
  58  8:31  Pylon  
  59  8:34  Protoss Shields Level 1  
  59  8:41  Twilight Council, Observer  
  59  8:43  Pylon  
  59  8:45  Phoenix  
  62  8:51  Pylon  
  62  8:59  Probe x3  
  65  9:08  Pylon  
  65  9:10  Shield Battery  
  65  9:11  Probe  
  65  9:12  Pylon  
  65  9:16  Observer  
  67  9:17  Phoenix  
  67  9:18  Phoenix  
  67  9:21  Probe  
  67  9:22  Probe  
  67  9:23  Probe  
  67  9:24  Charge  
  74  9:26  Warp Prism  
  74  9:33  Probe  
  77  9:44  Probe  
  77  9:45  Probe  
  79  10:01  Zealot x2  
  79  10:02  Zealot x3  
  89  10:10  Colossus  
  95  10:28  Protoss Ground Weapons Level 2  
  95  10:32  Robotics Facility  
  95  10:35  Robotics Facility  
  95  10:38  Pylon  
  95  10:41  Pylon  
  95  10:43  Phoenix x2  
  99  10:54  Nexus  
  99  10:55  Pylon  
  99  10:57  Pylon  
  99  10:58  Protoss Air Armor Level 1  
  99  11:07  Fleet Beacon  
  99  11:08  Dark Shrine  
  99  11:32  Colossus x3  
  115  11:45  Zealot x2  
  115  11:46  Zealot x3  
  107  12:07  Phoenix x2  
  107  12:08  Phoenix  
  98  12:23  Zealot x3  
  98  12:24  Zealot x2  
  98  12:26  Colossus x3  
  123  12:52  Phoenix  
  123  12:53  Phoenix x2  
  126  13:17  Phoenix  
  126  13:18  Phoenix x2  
  126  13:19  Colossus  
  94  13:48  Stalker  
  94  13:49  Stalker x3  
  94  13:53  Phoenix x2  
  94  14:22  Phoenix x2  
  94  14:23  Phoenix  
  100  14:47  Phoenix  
  100  14:48  Nexus  
  84  15:23  Assimilator  
  70  15:40  Phoenix x3  
  76  16:03  Probe x3  
  79  16:04  Tempest  
  79  16:05  Phoenix, Tempest  
  93  16:15  Probe  
  94  16:49  Pylon  
  94  16:51  Pylon  
  94  16:52  Phoenix x3  
Tags
 
Add a new tag
Caveats
  • Supply blocks, unpowered buildings, or Contaminate may cause inaccurate times.
  • Supply counts are checked every 10 seconds.